 Dungeon Crawl Stone Soup version 0.20.1-1-g8b1a95d (webtiles) character file.

7163 renl the Fighter (level 11, -2/112 HPs)
             Began as a Naga Hunter on July 15, 2017.
             Was an Elder of Cheibriados.
             Killed from afar by an orc wizard (4 damage)
             ... with a puff of flame
             ... on level 8 of the Dungeon.
             The game lasted 01:28:16 (8569 turns).

renl the Fighter (Naga Hunter)                      Turns: 8569, Time: 01:28:17

Health: -2/112     AC: 13    Str: 25    XL:     11   Next: 11%
Magic:  11/11      EV: 10    Int: 20    God:    Cheibriados [****..]
Gold:   482        SH:  7    Dex: 23    Spells: 10/10 levels left

rFire    + + .     SeeInvis +   a - +1 hand crossbow
rCold    + . .     Gourm    .   i - +3 buckler "Ezuzy" {rC+}
rNeg     . . .     Faith    .   G - +2 scale mail {rF+}
rPois    +         Spirit   .   (no helmet)
rElec    .         Reflect  .   j - +2 cloak
rCorr    .         Harm     .   g - +1 pair of gloves
MR       +....                  (no barding)
Stlth    +.........             (no amulet)
Regen    0.3/turn               p - +2 ring of evasion
MPRegen  0.2/turn               J - ring of protection from fire

@: lethally poisoned (-2 -> -7), very slow
A: see invisible, deformed body, poison resistance, slowness 2, slow metabolism
1, spit poison 1, AC +3
a: Spit Poison, Bend Time, Temporal Distortion, Slouch, Renounce Religion


You were on level 8 of the Dungeon.
You worshipped Cheibriados.
Cheibriados was greatly pleased with you.
You were hungry.

You visited 2 branches of the dungeon, and saw 9 of its levels.

You collected 482 gold pieces.

Inventory:

Hand Weapons
 a - a +1 hand crossbow (weapon)
 b - a +3 morningstar of freezing
 c - a +3 dagger of draining
Missiles
 d - 101 bolts (quivered)
 l - 4 tomahawks
Armour
 g - a +1 pair of gloves (worn)
 i - the +3 buckler "Ezuzy" (worn) {rC+}
   (You found it on level 7 of the Dungeon)

   It protects you from cold.
 j - a +2 cloak (worn)
 G - a +2 scale mail of fire resistance (worn)
Jewellery
 p - a +2 ring of evasion (left hand)
 J - a ring of protection from fire (right hand)
Wands
 s - a wand of lightning (4/15)
 t - a wand of polymorph (9/24)
 u - a wand of flame (18/48)
 x - a wand of acid (4/15)
 C - a wand of confusion (35/48)
 D - a wand of iceblast (8/15)
 I - a wand of lightning (10/15)
 K - a wand of lightning (6/15)
Scrolls
 k - 5 scrolls of remove curse
 r - 2 scrolls of recharging
 y - 2 scrolls of magic mapping {unknown}
 z - a scroll of fear
 L - 2 scrolls of identify
 M - a scroll of enchant armour
Potions
 e - 2 potions of heal wounds
 h - 3 potions of mutation
 o - 2 potions of flight
 q - a potion of curing
 v - a potion of cancellation {unknown}
 w - a potion of agility
 B - 4 potions of brilliance
 F - a potion of might
Books
 H - a book of Minor Magic

   Spells                             Type                      Level
   a - Magic Dart                     Conjuration                  1
   b - Blink                          Translocation                2
   c - Call Imp                       Summoning                    2
   d - Slow                           Hexes                        2
   e - Conjure Flame                  Conjuration/Fire             3
   f - Mephitic Cloud                 Conjuration/Poison/Air       3
Comestibles
 f - 8 bread rations
 m - 4 meat rations
 n - a royal jelly
 A - a fruit
 E - a chunk of flesh


   Skills:
 * Level 11.6 Fighting
 * Level 11.5 Crossbows
 - Level 1.5 Dodging
 - Level 1.5 Stealth
 + Level 1.1 Evocations


You had 10 spell levels left.
You didn't know any spells.

Dungeon Overview and Level Annotations

Branches:
Dungeon (8/15)             Temple (1/1) D:6
   Lair: D:8-11

Altars:
Ashenzari
Cheibriados
Dithmenos
Elyvilon
Fedhas
Kikubaaqudgha
Nemelex Xobeh
Okawaru
Qazlal
Ru
Sif Muna
Trog
Uskayaw
Vehumet
Xom
Yredelemnul
Zin

Shops:
D:7 (


Innate Abilities, Weirdness & Mutations

You cannot wear boots.
Your serpentine skin is tough. (AC +3)
You have supernaturally acute eyesight. (SInv)
Armour fits poorly on your strangely shaped body.
Your system is resistant to poisons. (rPois)
You cover ground very slowly.
You have a slow metabolism.
You can spit poison.


Message History

The killer bee poisons you! You block the basilisk's attack.
The kobold closely misses you.
The killer bee stings you but does no damage.
The basilisk barely misses you.
The centaur warrior unwields an uncursed shortbow.
You block the centaur warrior's attack. The kobold hits you but does no damage.
The orc wizard hits you but does no damage.
The adder hisses angrily.
You see here an arrow.
You feel sick. The killer bee stings you!
* * * LOW HITPOINT WARNING * * *
You are lethally poisoned!
The killer bee poisons you!
The orc wizard hits you but does no damage.
The killer bee barely misses you.
The centaur warrior wields an uncursed shortbow.
The centaur warrior shoots an arrow.
The arrow hits the orc wizard!
The orc wizard casts a spell at you. The puff of flame hits you! You resist.
You die...

.#######..............# .#
#..........)..##.. .+
#....S.)..)....... .#
#.#.........#....# .#
#.#.........# ... .#
#.#.......K.# . .#
#.#....Zlc.K# .#
####.#[...aoyK.# .#
#....######@...####
######..................
##............############
..............#..........##.
...###...###.......>.......%
#### #..^# #........<.......
#...# #..............#.
#...# #..............# #...#
#..............#


You could see a centaur warrior, a basilisk, a big kobold, a worker ant, a
killer bee, an orc wizard (invisible), an adder, a hound zombie and 2 kobolds.

Vanquished Creatures
  2 two-headed ogres (D:7)
  A wizard (D:8)
  A deep elf mage (D:8)
  A hippogriff (D:7)
  A spriggan (D:7)
  Sigmund (D:6)
  Eustachio (D:6)
  Edmund (D:6)
  Duvessa (D:6)
  4 orc warriors
  A phantom (D:6)
  2 ogres (D:7)
  2 necrophages
  An ice beast (D:5)
  4 centaurs
  A big kobold (D:7)
  4 bullfrogs
  3 gnoll sergeants (D:6)
  Dowan (D:6)
  A scorpion (D:4)
  6 wights (D:6)
  7 killer bees
  A howler monkey (D:6)
  6 crimson imps
  A bullfrog zombie (D:7)
  2 quasits
  2 jellies
  Crazy Yiuf (D:5)
  A centaur skeleton (D:5)
  7 hounds
  6 orc wizards
  7 orc priests
  A bullfrog skeleton (D:6)
  4 iguanas
  6 worker ants
  A hound skeleton (D:4)
  A howler monkey zombie (D:7)
  A worker ant zombie (D:6)
  9 gnolls
  12 adders
  2 shadow imps (D:7)
  An ooze (D:2)
  2 adder skeletons
  2 adder zombies (D:7)
  A worm (D:3)
  2 dart slugs
  6 leopard geckos
  32 orcs
  5 giant cockroaches
  7 goblins
  8 hobgoblins
  4 jackals
  14 kobolds
  5 quokkas
  3 ball pythons
  6 bats
  3 frilled lizards
  A jackal skeleton (D:5)
  A jackal zombie (D:8)
  13 rats
234 creatures vanquished.

Notes
Turn   | Place    | Note
-------+----------+-------------------------------------------
     0 | D:1      | renl the Naga Hunter began the quest for the Orb.
     0 | D:1      | Reached XP level 1. HP: 19/19 MP: 1/1
   137 | D:1      | Reached XP level 2. HP: 9/26 MP: 2/2
   753 | D:1      | Reached XP level 3. HP: 32/32 MP: 3/3
  1041 | D:2      | Reached XP level 4. HP: 34/40 MP: 4/4
  1375 | D:2      | Reached skill level 5 in Crossbows
  1968 | D:3      | Reached XP level 5. HP: 9/49 MP: 5/5
  3143 | D:4      | Reached XP level 6. HP: 55/56 MP: 6/6
  3376 | D:5      | Entered Level 5 of the Dungeon
  3629 | D:5      | Noticed an ice beast
  3649 | D:5      | Killed an ice beast
  3649 | D:5      | Reached XP level 7. HP: 38/64 MP: 7/7
  3897 | D:5      | Reached skill level 5 in Fighting
  3970 | D:5      | Reached XP level 8. HP: 67/74 MP: 8/8
  4291 | D:5      | Found a runed door.
  4295 | D:5      | Noticed Crazy Yiuf
  4301 | D:5      | Killed Crazy Yiuf
  4854 | D:6      | Noticed Sigmund
  4868 | D:6      | Killed Sigmund
  4948 | D:6      | Reached XP level 9. HP: 72/86 MP: 9/9
  4990 | D:6      | Found a staircase to the Ecumenical Temple.
  4999 | Temple   | Entered the Ecumenical Temple
  5153 | Temple   | Became a worshipper of Cheibriados the Contemplative
  5645 | D:6      | Noticed Duvessa
  5645 | D:6      | Noticed Dowan
  5669 | D:6      | Killed Duvessa
  5888 | D:6      | Killed Dowan
  5888 | D:6      | Reached * piety under Cheibriados
  6042 | D:6      | Noticed Edmund
  6063 | D:6      | Killed Edmund
  6094 | D:6      | Noticed Eustachio
  6117 | D:6      | Killed Eustachio
  6183 | D:6      | HP: 2/90 [gnoll sergeant/trident (7)]
  6817 | D:6      | Reached skill level 10 in Crossbows
  6996 | D:6      | Reached ** piety under Cheibriados
  7121 | D:7      | Found a shadowy altar of Dithmenos.
  7126 | D:7      | Reached XP level 10. HP: 99/99 MP: 10/10
  7207 | D:7      | Got a polished chain mail
  7218 | D:7      | Identified the +0 chain mail "Tititz" {Dex+2} (You found it on level 7 of the Dungeon)
  7403 | D:7      | Noticed a two-headed ogre
  7406 | D:7      | Killed a two-headed ogre
  7406 | D:7      | Reached skill level 10 in Fighting
  7531 | D:7      | Noticed a two-headed ogre
  7534 | D:7      | Reached *** piety under Cheibriados
  7538 | D:7      | Killed a two-headed ogre
  7907 | D:7      | Found Naul's Weapon Emporium.
  8123 | D:7      | Got a transparent buckler
  8129 | D:7      | Identified the +3 buckler "Ezuzy" {rC+} (You found it on level 7 of the Dungeon)
  8362 | D:8      | Reached **** piety under Cheibriados
  8535 | D:8      | Noticed a wizard
  8542 | D:8      | Killed a wizard
  8542 | D:8      | Reached skill level 1 in Evocations
  8542 | D:8      | Reached XP level 11. HP: 64/111 MP: 11/11
  8555 | D:8      | Noticed a deep elf mage
  8558 | D:8      | Noticed a centaur warrior
  8562 | D:8      | Killed a deep elf mage
  8569 | D:8      | HP: 2/112 [killer bee (7)]
  8569 | D:8      | Killed from afar by an orc wizard

Skill      XL: |  1  2  3  4  5  6  7  8  9 10 |
---------------+-------------------------------+-----
Crossbows      | 4 5 6 7 8 10 11 | 11.5
Fighting       | 3 4 5 7 9 11 | 11.6
Evocations     | 1 |  1.1
Dodging        | |  1.5
Stealth        | |  1.5

Action                   |  1- 3 |  4- 6 |  7- 9 | 10-12 || total
-------------------------+-------+-------+-------+-------++-------
Melee: Short sword       |    38 |       |       |       ||    38
       Dagger            |    38 |   129 |   288 |       ||   455
       Morningstar       |       |       |     9 |   100 ||   109
 Fire: Hand crossbow     |       |       |   120 |    28 ||   148
Throw: Tomahawk          |       |       |     1 |     1 ||     2
 Abil: Spit Poison       |    26 |    42 |    89 |    45 ||   202
Evoke: Wand              |       |       |     2 |       ||     2
  Use: Scroll            |       |       |    13 |    10 ||    23
       Potion            |       |       |     2 |       ||     2
  Eat: Chunk             |     1 |    10 |    14 |     5 ||    30
Armor: Leather armour    |    26 |    70 |    32 |       ||   128
       Scale mail        |       |       |   249 |   191 ||   440
Dodge: Dodged            |    50 |    64 |   167 |   175 ||   456
Block: Buckler           |       |       |       |    45 ||    45
